 Dungeon Crawl Stone Soup version 0.30-a0-879-ga8ba668304 (webtiles) character file.

Game seed: 9996111357458192409

42 Mickster the Chopper (level 3, -2/33 HPs)
             Began as a Hill Orc Chaos Knight on Mar 13, 2023.
             Was a Plaything of Xom.
             Slain by a worm (6 damage)
             ... on level 4 of the Dungeon.
             The game lasted 00:08:50 (768 turns).

Mickster the Chopper (Hill Orc Chaos Knight)         Turns: 768, Time: 00:08:50

Health: -2/33      AC:  5    Str: 16    XL:     3   Next: 54%
Magic:  3/3        EV: 11    Int: 12    God:    Xom [..*...]
Gold:   23         SH:  0    Dex: 10    Spells: 2/2 levels left

rFire   . . .      SeeInvis .    a - +0 hand axe (chaos)
rCold   . . .      Faith    .    (no shield)
rNeg    . . .      Spirit   .    b - +2 leather armour
rPois   .          Reflect  .    (no helmet)
rElec   .          Rampage  .    (no cloak)
rCorr   .                        (no gloves)
Will    .....                    (no boots)
Stlth   +                        (no amulet)
HPRegen 0.25/turn                (no ring)
MPRegen 0.08/turn                (no ring)

@: no status effects
A: no striking features
a: Renounce Religion


You were on level 4 of the Dungeon.
You worshipped Xom.
You were a toy of Xom.
You visited 1 branch of the dungeon, and saw 3 of its levels.

You collected 23 gold pieces.

Inventory:

Hand Weapons
 a - a +0 hand axe of chaos (weapon)
 e - a +0 sling
Missiles
 d - 18 stones
Armour
 b - a +2 leather armour (worn)
Miscellaneous
 c - a piece from Xom's chessboard (14/15) (quivered)


   Skills:
 + Level 4.0 Fighting
 * Level 4.8 Axes
 + Level 2.6 Armour
 + Level 1.0 Dodging
 * Level 0.3 Spellcasting
 * Level 0.7 Evocations


You had 2 spell levels left.
You didn't know any spells.
Your spell library was empty.

Dungeon Overview and Level Annotations

Branches:
Dungeon (2/15)

Altars:


Message History

You hit the ball python.
You kill the ball python!
Cleave: a) +0 hand axe (chaos)
Press: ? - help, Dir - move target, f - goblin
Aim: a goblin, wielding a +0 club (about 45% to evade your +0 hand axe of chaos)
You hit the goblin. You freeze the goblin.
The goblin is heavily wounded.
The goblin barely misses you.
You closely miss the goblin.
The goblin is heavily wounded.
The goblin hits you with a +0 club.
You barely miss the goblin.
The goblin is moderately wounded.
The goblin hits you with a +0 club.
You completely miss the goblin.
The goblin is moderately wounded.
The goblin hits you with a +0 club.
You make a move on Xom's chessboard...
The goblin is outlined in light.
The goblin barely misses you.
You hit the goblin.
The goblin suddenly seems more resistant.
The goblin is heavily wounded.
You hit the worm. The goblin hits you with a +0 club. The worm bites you.
You hit the goblin.
You kill the goblin!
You hit the worm. You burn the worm. The worm bites you! The worm bites you.
* * * LOW HITPOINT WARNING * * *
Things that are here:
a +0 club; a ball python corpse You slash the worm!
You burn the worm.
The worm is severely wounded.
You hit the worm. The worm bites you.
* * * LOW HITPOINT WARNING * * *
You hit the worm.
The worm suddenly seems more resistant.
The worm is severely wounded.
You hit the worm. Lightning courses through the worm!
You kill the worm!
The worm bites you.
You die...

#.#........
.#........
###.......^.. ..#
......... #####.#
......... #...#.#
#........
#.#.#.###........
#.......@w.......
###.#.##...?.....
#....#..........
########........
.........
.........
.######## ..


You could see a worm (resistant).

Vanquished Creatures
  An adder (D:2)
  A gnoll (D:1)
  2 worms
  2 ball pythons
  An endoplasm (D:2)
  3 goblins
  3 hobgoblins (D:1)
  3 kobolds (D:1)
  2 bats (D:1)
  2 rats (D:1)
20 creatures vanquished.

Notes
Turn   | Place    | Note
-------+----------+-------------------------------------------
     0 | D:1      | Mickster the Hill Orc Chaos Knight began the quest for the
                  | Orb.
     0 | D:1      | Reached XP level 1. HP: 19/19 MP: 1/1
   242 | D:1      | XOM: divination: detect items
   280 | D:1      | Reached skill level 1 in Dodging
   280 | D:1      | Reached XP level 2. HP: 22/27 MP: 2/2
   584 | D:2      | Reached XP level 3. HP: 28/33 MP: 3/3
   746 | D:2      | You fall into a shaft and drop 2 floors!
   768 | D:4      | Slain by a worm

Illustrated notes

Levels and vault maps discovered:
D:1:      dpeg_arrival_snail, layout_loops_corners, due_unseen_surprise
D:2:      minmay_skewed_foursquare, layout_basic, basic_altar,
          minmay_fractal_squares_gapless_5, uniq_jessica
D:4:      layout_basic, general_overflow_altar, uniq_pikel

Skill      XL: |  1  2  3 |
---------------+----------+-----
Dodging        | 1 |  1.0
Fighting       | 4 |  4.0
Axes           | |  4.8
Armour         | |  2.6
Spellcasting   | |  0.3
Evocations     | |  0.7

Action                     || total
---------------------------++-------
  Melee: Hand axe          ||    66
         Punch             ||     2
  Evoke: Piece from Xom's  ||     1
    Use: Potion            ||     4
 Armour: Leather armour    ||    21
  Dodge: Dodged            ||    36

Table legend: (Time is in decaauts)
 A = Elapsed time spent in this place.
 B = Non-inter-level travel time spent in this place.
 C = Inter-level travel time spent in this place.
 D = Time resting spent in this place.
 E = Time spent auto-exploring this place.
 F = Levels seen in this place.
 G = Mean time per level.
                   A        B        C        D        E       F      G
               +--------+--------+--------+--------+--------+-----+--------+
         Total |    773 |    727 |     46 |    136 |      0 |   3 |  257.7 |
       Dungeon |    773 |    727 |     46 |    136 |      0 |   3 |  257.7 |
               +--------+--------+--------+--------+--------+-----+--------+

Top non-repeatable levels by time:
     D:1: 536 daAuts
     D:2: 214 daAuts
     D:4: 22 daAuts
